 Dungeon Crawl Stone Soup version 0.31-a0-995-g04711c9635 (webtiles) character file.

Game seed: 14640217762989229911

265 senseless the Changeling (level 6, -4/47 HPs)
             Began as a Merfolk Shapeshifter on Nov 6, 2023.
             Was a High Priest of Ignis.
             Slain by an ice beast (13 damage)
             ... on level 4 of the Dungeon.
             The game lasted 00:06:03 (3763 turns).

senseless the Changeling (Merfolk Shapeshifter)     Turns: 3763, Time: 00:06:03

Health: -4/47      AC:  8    Str: 16    XL:     6   Next: 20%
Magic:  0/6        EV:  8    Int: 10    God:    Ignis [*****.]
Gold:   173        SH:  0    Dex: 13    Spells: 4/5 levels left

rFire   + . .        t - +0 trident
rCold   . . .        (no shield)
rNeg    . . .        p - +0 chain mail
rPois   .            (helmet currently unavailable)
rElec   .            (cloak currently unavailable)
rCorr   .            (gloves currently unavailable)
SInv    .            (boots currently unavailable)
Will    .....        m - amulet of guardian spirit Stlth
                     (no ring)
HPRegen 0.27/turn    (no ring)
MPRegen 0.10/turn

%: guardian spirit
@: beast-form
A: beast (slay +2), (nimble swimmer 2), mertail
a: Begin Untransformation, Renounce Religion, Fiery Armour, Foxfire Swarm,
Rising Flame


You were on level 4 of the Dungeon.
You worshipped Ignis.
Ignis was extremely pleased with you.
You were a hulking beast.
You visited 1 branch of the dungeon, and saw 5 of its levels.

You collected 173 gold pieces.

Inventory:

Hand Weapons
 n - a +0 spear
 r - a +1 dagger of venom
 s - a +0 short sword of holy wrath
 t - a +0 trident (weapon)
Armour
 a - a +0 animal skin
 p - a +0 chain mail (worn)
Jewellery
 m - an amulet of guardian spirit (around neck)
Talismans
 c - a beast talisman
 d - a flux talisman
Scrolls
 f - 4 scrolls of teleportation {unknown}
 h - a scroll of poison {unknown}
 j - a scroll of fear {unknown}
 l - a scroll of enchant weapon {unknown}
 o - a scroll of immolation {unknown}
 q - 3 scrolls of identify {unknown}
 u - a scroll of butterflies {unknown}
 w - a scroll of revelation {unknown}
 y - 2 scrolls of enchant armour {unknown}
 B - a scroll of torment {unknown}
Potions
 b - a potion of lignification
 e - a potion of berserk rage {unknown}
 g - a potion of ambrosia {unknown}
 i - a potion of might {unknown}
 k - 2 potions of invisibility {unknown}
 v - a potion of curing {unknown}
 x - a potion of enlightenment {unknown}
 z - a potion of experience {unknown}
 A - a potion of mutation {unknown}
 C - a potion of resistance


   Skills:
 + Level 3.0 Fighting
 + Level 2.4 Polearms
 + Level 4.6 Dodging
 + Level 4.5 Unarmed Combat
 + Level 5.1 Shapeshifting


You had 4 spell levels left.
You knew the following spells:

 Your Spells              Type           Power      Damage    Failure   Level
a - Summon Small Mammal   Summ           0%         N/A       99%         1

Your spell library contained the following spells:

 Spells                   Type           Power      Damage    Failure   Level
 Ensorcelled Hibernation  Hex/Ice        0%         N/A       100%        2
 Passwall                 Tmut/Erth      0%         N/A       100%        2
 Call Canine Familiar     Summ           0%         N/A       100%        3
 Summon Guardian Golem    Hex/Summ       0%         N/A       100%        3
 Swiftness                Air            0%         N/A       100%        3
 Volatile Blastmotes      Fire/Tloc      0%         2d10      100%        3
 Fulminant Prism          Conj/Hex       0%         3d5       100%        4
 Iskenderun's Mystic Bla  Conj/Tloc      0%         2d3       100%        4


Dungeon Overview and Level Annotations

Branches:
Dungeon (5/15)             Temple (0/1) D:4

Altars:
Gozag
Ignis

Annotations:
D:4 1 transporter


Innate Abilities, Weirdness & Mutations

You are a hulking beast.
Your limbs bulge with bestial killing power. (Slay +2)
((You are very nimble when in or above water. (Stealth+, EV+, Speed+++)))
Your lower body shifts to a powerful aquatic tail in water.


Message History

No target in view!
No target in view!
No target in view!
No target in view!
No target in view!
No target in view!
No target in view!
q - 3 scrolls labelled LIOMMI OCHA (gained 1)
Things that are here:
a +0 club; 5 stones; a kobold corpse
Found a rapier.
y - 2 scrolls labelled ZEFAZX HYFFUYD (gained 1)
You now have 167 gold pieces (gained 4).
You now have 173 gold pieces (gained 6).
B - a scroll labelled JIRUNE VIET
Found a long sword.
Found a club and 8 stones.
Things that are here:
a +0 short sword; an orc corpse
Things that are here:
a +0 club; 5 stones; a kobold corpse
Things that are here:
a +0 club; a goblin corpse
Found 8 stones.
Found a transporter.
Partly explored, unvisited transporter.
Partly explored, unvisited transporter.
There is a stone staircase leading up here.
There is a transporter here.
You enter the transporter and appear at another place.
C - a potion of resistance You open the gate.
The ice beast hits you but does no damage.
There is an open gate here.
You are engulfed in freezing vapours.
The ice beast hits you. The ice beast freezes you!
You are engulfed in freezing vapours.
* * * LOW HITPOINT WARNING * * *
The ice beast hits you. The ice beast freezes you!
You die...

.....#'#####.....................
.....#...........................
.....###########...####.....#####
.#...# ##.©.## #.######...
.#.).### ###########.# #..).#.
.#..†..# #○○°$©$○○°#.###.#..#.
.......# #°○○$$$○°○#.....#..#.
.......######○°☼...○○○#######.##.
............#○○☼hY○☼☼°##....#....
........###.#○°○Y○○○☼○##.#....##.
†..#....###.####○Y○#####.#..#....
...#.........#°○...°°# #...##....
...#....###..#.○#.#○°# ###.#...#.
.........#####°○...°☼#####.#.#.#.
.........# #○°#©#°○#.....#.#...
###......# #○☼○○°.○#.#####.###.
.........# #○.°○°○°#...#<....#.


You could see 3 ice beasts.

Vanquished Creatures
  An ogre (D:4)
  A hound (D:4)
  5 adders
  A worm (D:2)
  3 dart slugs
  4 orcs
  6 bats
  8 endoplasms
  3 giant cockroaches
  11 goblins
  9 hobgoblins
  4 jackals (D:1)
  7 quokkas
  5 ball pythons
  5 frilled lizards
  8 kobolds
  7 rats
88 creatures vanquished.

Notes
Turn   | Place    | Note
-------+----------+-------------------------------------------
     0 | D:1      | senseless the Merfolk Shapeshifter began the quest for the
                  | Orb.
     0 | D:1      | Reached XP level 1. HP: 15/15 MP: 1/1
    66 | D:1      | Reached XP level 2. HP: 11/21 MP: 2/2
   499 | D:1      | Reached XP level 3. HP: 22/27 MP: 3/3
   603 | D:1      | Found a faded altar of an unknown god.
  1017 | D:1      | Learned a level 1 spell: Summon Small Mammal
  1066 | D:1      | Prayed at the altar of an unknown god.
  1066 | D:1      | Became a worshipper of Ignis, the Dying Flame
  2113 | D:3      | Reached XP level 4. HP: 33/33 MP: 4/4
  2252 | D:3      | Reached skill level 1 in Polearms
  2891 | D:4      | Reached XP level 5. HP: 36/39 MP: 5/5
  2905 | D:4      | Found an opulent altar of Gozag.
  2916 | D:4      | Noticed an ogre
  2923 | D:4      | Killed an ogre
  2924 | D:4      | Reached skill level 5 in Shapeshifting
  3002 | D:4      | Found a staircase to the Ecumenical Temple.
  3039 | D:4      | Reached XP level 6. HP: 43/46 MP: 6/6
  3091 | D:4      | You fall into a shaft and drop 1 floor!
  3091 | D:5      | Entered Level 5 of the Dungeon
  3190 | D:4      | Found a transporter.
  3192 | D:4      | Noticed an ice beast
  3192 | D:4      | Noticed an ice beast
  3192 | D:4      | Noticed an ice beast
  3715 | D:4      | Found a transporter.
  3763 | D:4      | Slain by an ice beast

Illustrated notes

Levels and vault maps discovered:
D:1:      nicolae_arrival_memento_mori, layout_loops_ring, serial_forest,
          infiniplex_forest_clump_medium, infiniplex_forest_side_room,
          infiniplex_forest_lined_3, infiniplex_forest_straight_3,
          infiniplex_forest_lined_room_3, infiniplex_forest_corner_1,
          chequers_ecumenical_altar_island, minmay_fountain_box,
          serial_bayou_pond_b, minmay_box_of_dots
D:2:      layout_basic, serial_park_tiny_1
D:3:      layout_rooms, serial_rivers, chequers_serial_rivers_small_b,
          chequers_serial_rivers_small_a, chequers_serial_rivers_large_a,
          chequers_serial_rivers_small_3, chequers_serial_rivers_micro_c,
          chequers_serial_rivers_micro_e, kennysheep_generic_room_11
D:4:      gammafunk_cloud_chamber, layout_basic, overflow_temple_1_default,
          temple_pool_b, minmay_misc_feat_encased, minmay_starry_boxes
D:5:      wad_woods_stonehenge, layout_basic,
          gammafunk_temple_overflow_forgotten

Skill      XL: |  1  2  3  4  5  6 |
---------------+-------------------+-----
Dodging        | 3 4 |  4.6
Fighting       | 2 3 |  3.0
Unarmed Combat | 4 |  4.5
Polearms       | 1 2 |  2.4
Shapeshifting  | 5 |  5.1

Action                     |  1- 3 |  4- 6 || total
---------------------------+-------+-------++-------
  Melee: Unarmed           |    88 |       ||    88
         Punch             |     4 |     2 ||     6
         Spear             |    25 |    48 ||    73
         Tailslap          |     1 |       ||     1
         Trident           |       |    71 ||    71
   Stab: Sleeping          |     2 |       ||     2
 Armour: Animal skin       |    53 |       ||    53
         Chain mail        |       |    84 ||    84
  Dodge: Dodged            |    58 |    23 ||    81

Table legend: (Time is in decaauts)
 A = Elapsed time spent in this place.
 B = Non-inter-level travel time spent in this place.
 C = Inter-level travel time spent in this place.
 D = Time resting spent in this place.
 E = Time spent auto-exploring this place.
 F = Levels seen in this place.
 G = Mean time per level.
                   A        B        C        D        E       F      G
               +--------+--------+--------+--------+--------+-----+--------+
         Total |   3723 |   3432 |    291 |      0 |   2882 |   5 |  744.6 |
       Dungeon |   3723 |   3432 |    291 |      0 |   2882 |   5 |  744.6 |
               +--------+--------+--------+--------+--------+-----+--------+

Top non-repeatable levels by time:
     D:1: 1073 daAuts
     D:2: 1010 daAuts
     D:4: 853 daAuts
     D:3: 750 daAuts
     D:5: 34 daAuts
